AoeStats
← mr.morbido2.0

Arena

509451312Analyzed
1v1 RM · 7d ago on Sep 26, 2026· 40m 1s· 2 players
Game mode
Random Map
Map size
Tiny (2 player)
Population
200
Speed
Normal
Resources
Standard
Victory
Conquest
Starting age
Dark Age
Ending age
Imperial Age
RankedLock teamsTeams togetherTeam positionsShared explorationLock speedFull tech treeHidden civsTurbo modeCheats
Victory
Defeat
🇮🇹 Franks · Italy
1221
+14
🇻🇪 Lithuanians · Venezuela
1175
-14
InSaNe
10:00 Feudal Age
14:14 Castle Age
22:13 Loom
23:04 Wheelbarrow
26:30 Double-Bit Axe
26:26 Horse Collar
26:39 Stone Mining
26:39 Gold Mining
28:45 Bow Saw
29:04 Husbandry
31:10 Gold Mining
35:02 Imperial Age
34:10 Scale Barding Armor
34:30 Hand Cart
34:20 Heavy Plow
35:05 Bloodlines
35:36 Forging
36:13 Conscription
36:15 Elite Leitis
37:54 Iron Casting
38:51 Chain Barding Armor
mr.morbido2.0
10:43 Feudal Age
12:46 Double-Bit Axe
15:35 Castle Age
20:15 Bow Saw
30:14 Wheelbarrow
31:36 Hand Cart
31:24 Gold Mining
34:11 Imperial Age
32:50 Scale Mail Armor
33:00 Forging
33:22 Loom
33:59 Chain Mail Armor
33:09 Pikeman
33:50 Squires
33:35 Arson
33:20 Ordonnance Companies
35:08 Iron Casting
35:38 Conscription
35:00 Halberdier
36:50 Plate Mail Armor
37:58 Husbandry
39:25 Chemistry
38:46 Ballistics
39:26 Cavalier
39:27 Light Cavalry
Connection lost

Rejoining the realm…

Still unreachable

The connection could not be restored.

Session expired

The server has moved on; the page needs a fresh start.